 Dungeon Crawl Stone Soup version 0.20-a0-441-g89e74e4 (webtiles) character file.

24 Kriby the Magician (level 2, -5/21 HPs)
             Began as a Mummy Fire Elementalist on Jan 6, 2017.
             Slain by a gnoll
             ... wielding a +0 halberd
              (9 damage)
             ... on level 1 of the Dungeon.
             The game lasted 00:01:40 (880 turns).

Kriby the Magician (Mummy Fire Elementalist)         Turns: 880, Time: 00:01:41

Health: -5/21      AC: 11    Str: 11    XL:     2   Next: 79%
Magic:  5/5        EV:  0    Int: 14    God:
Gold:   33         SH: 12    Dex: 12    Spells: 5/6 levels left

rFire  x . .     SeeInvis .     c - +0 dagger
rCold  + . .     Gourm    .     g - +0 chain mail
rNeg   + + +     Faith    .     d - +2 large shield {AC+3}
rPois  ∞         Spirit   .     (no helmet)
rElec  .         Reflect  .     (no cloak)
rCorr  .         Harm     .     (no gloves)
MR     .....                    (no boots)
Stlth  ..........               (no amulet)
                                (no ring)
                                (no ring)

@: no status effects
A: no food or potions, fire vulnerability, cold resistance 1, negative energy
resistance 3, torment resistance, unbreathing
a: no special abilities


You were on level 1 of the Dungeon.
You were not hungry.

You visited 1 branch of the dungeon, and saw 1 of its levels.

You collected 33 gold pieces.

Inventory:

Hand Weapons
 c - a +0 dagger (weapon)
Armour
 d - a +2 large shield of protection (worn)
 g - a +0 chain mail (worn)
Scrolls
 a - a scroll of teleportation {unknown}
 e - a scroll of remove curse
 f - a scroll of fear {unknown}
 h - a scroll of identify {unknown}
Books
 b - a book of Flames

   Spells                             Type                      Level
   a - Flame Tongue                   Conjuration/Fire             1
   b - Throw Flame                    Conjuration/Fire             2
   c - Conjure Flame                  Conjuration/Fire             3
   d - Inner Flame                    Hexes/Fire                   3
   e - Sticky Flame                   Conjuration/Fire             4
   f - Fireball                       Conjuration/Fire             5


   Skills:
 + Level 1.1 Fighting
 + Level 0.8 Armour
 - Level 1.5 Dodging
 - Level 1.5 Stealth
 + Level 1.0 Shields
 - Level 2.7 Spellcasting
 - Level 0.8 Conjurations
 - Level 2.4 Fire Magic


You had 5 spell levels left.
You knew the following spells:

 Your Spells              Type           Power        Failure   Level  Hunger
a - Flame Tongue          Conj/Fire      #....        100%        1    N/A

Dungeon Overview and Level Annotations

Branches:
Dungeon (1/15)

Altars:


Innate Abilities, Weirdness & Mutations

You do not eat or drink.
Your flesh is vulnerable to fire.
You are immune to poison.
Your flesh is cold resistant. (rC+)
You are immune to negative energy. (rN+++)
You are immune to unholy pain and torment.
You can survive without breathing.


Message History

Your shield and chain mail prevent you from hitting the gnoll.
The gnoll is severely wounded.
You block the gnoll's attack.
You hit the gnoll.
The gnoll is severely wounded.
The gnoll hits you but does no damage.
You hit the gnoll but do no damage.
The gnoll is severely wounded.
The gnoll hits you but does no damage.
You hit the gnoll but do no damage.
The gnoll is severely wounded.
Your shield and chain mail prevent you from hitting the gnoll.
The gnoll is severely wounded.
You block the gnoll's attack.
You hit the gnoll but do no damage.
The gnoll is severely wounded.
The gnoll hits you with a halberd.
* * * LOW HITPOINT WARNING * * *
The gnoll hits you with a halberd!
You die...

.########### ###
...)........ ..# ..
.#############.# .#
.........#...#.# .#
.####..#.##..#.# .# .#
#........#.# g#
.####....#..##.# .#
...............###.#
######.#.#..÷...@gl#
.....÷[......#########
######.#..........%..#####
..h....#.##.######.......#
.....#.#....# #.......#
.......###..# #.......#
##########..######.......#
#.........#.......#
#.........#.......#


You could see a gnoll and a frilled lizard.

Vanquished Creatures
  An ooze (D:1)
  3 bats (D:1)
  2 giant cockroaches (D:1)
  6 goblins (D:1)
  A jackal (D:1)
  2 kobolds (D:1)
  2 frilled lizards (D:1)
  A rat (D:1)
18 creatures vanquished.

Notes
Turn   | Place    | Note
-------+----------+-------------------------------------------
     0 | D:1      | Kriby the Mummy Fire Elementalist began the quest for the Orb.
     0 | D:1      | Reached XP level 1. HP: 13/13 MP: 4/4
   175 | D:1      | Reached XP level 2. HP: 18/20 MP: 5/5
   538 | D:1      | Reached skill level 1 in Shields
   646 | D:1      | Reached skill level 1 in Fighting
   880 | D:1      | Slain by a gnoll

Vault maps used:
D:1:      dpeg_arrival_stonehenge_12_columns

Skill      XL: |  1  2 |
---------------+-------+-----
Shields        | 1 |  1.0
Fighting       | 1 |  1.1
Armour         | |  0.8
Dodging        | |  1.5
Stealth        | |  1.5
Spellcasting   | |  2.7
Conjurations   | |  0.8
Fire Magic     | |  2.4

Action                   || total
-------------------------++-------
Melee: Dagger            ||   121
 Cast: Flame Tongue      ||     2
  Use: Scroll            ||     1
Armor: Robe              ||    23
       Chain mail        ||    20
       Leather armour    ||     6
Dodge: Dodged            ||    20
Block: Large shield      ||    94
